 Dungeon Crawl Stone Soup version 0.29.1-15-g9cfb28693d (webtiles) character file.

Game seed: 16271191819513778611

5158 nonceun the Cleaver (level 10, -6/94 HPs)
             Began as a Minotaur Berserker on Mar 6, 2023.
             Was a High Priest of Trog.
             Mangled by a two-headed ogre
             ... wielding a +0 giant club
              (13 damage)
             ... on level 9 of the Dungeon.
             The game lasted 00:26:57 (7906 turns).

nonceun the Cleaver (Minotaur Berserker)            Turns: 7906, Time: 00:26:57

Health: -6/94      AC:  9    Str: 25    XL:     10   Next: 33%
Magic:  9/9        EV: 18    Int:  4    God:    Trog [*****.]
Gold:   456        SH:  0    Dex: 11    Spells: 9/9 levels left

rFire   + . .      SeeInvis .   a - +1 war axe (vamp)
rCold   . . .      Faith    .   (no shield)
rNeg    . . .      Spirit   .   F - +0 chain mail {rF+}
rPois   .          Reflect  .   (helmet unavailable)
rElec   .          Harm     .   (no cloak)
rCorr   .          Rampage  .   (no gloves)
Will    ++...      Clarity  +   (no boots)
Stlth   ..........              (no amulet)
HPRegen 1.25/turn               s - +4 ring of evasion
MPRegen 0.11/turn               B - +4 ring of evasion

@: strong-willed, regenerating
A: horns 3, retaliatory headbutt, clarity
a: Renounce Religion, Berserk, Trog's Hand, Brothers in Arms


You were on level 9 of the Dungeon.
You worshipped Trog.
Trog was extremely pleased with you.
You visited 1 branch of the dungeon, and saw 9 of its levels.
You also visited: Sewer.

You collected 456 gold pieces.

Inventory:

Hand Weapons
 a - a +1 vampiric war axe (weapon)
Missiles
 d - a throwing net
 i - 120 stones (quivered)
Armour
 F - a +0 chain mail of fire resistance (worn)
Jewellery
 s - a +4 ring of evasion (left hand)
 u - a ring of ice
 w - a ring of fire
 B - a +4 ring of evasion (right hand)
 G - a ring of see invisible
Wands
 r - a wand of flame (10)
 K - a wand of charming (8)
Scrolls
 c - 2 scrolls of immolation {unknown}
 k - a scroll of vulnerability {unknown}
 l - 2 scrolls of brand weapon {unknown}
 n - a scroll of amnesia {unknown}
 o - 4 scrolls of teleportation {unknown}
 p - 2 scrolls of fog {unknown}
 t - 5 scrolls of enchant armour {unknown}
 x - 2 scrolls of summoning
 y - 2 scrolls of magic mapping
 A - 2 scrolls of poison {unknown}
 D - a scroll of fear {unknown}
 E - a scroll of torment {unknown}
 H - a scroll of enchant weapon {unknown}
 I - a scroll of acquirement {unknown}
 J - 2 scrolls of identify
 L - 2 scrolls of noise {unknown}
Potions
 b - a potion of might
 e - a potion of brilliance
 f - 2 potions of resistance
 g - 2 potions of lignification
 h - 5 potions of heal wounds
 j - 2 potions of invisibility
 m - 4 potions of curing
 q - 3 potions of attraction
 v - a potion of haste
 z - a potion of degeneration {unknown}
 C - 3 potions of cancellation {unknown}
 M - a potion of mutation


   Skills:
 * Level 10.9 Fighting
 - Level 14.0 Axes
 - Level 5.0 Armour
 - Level 5.0 Dodging


You had 9 spell levels left.
You didn't know any spells.
Your spell library contained the following spells:

 Spells                   Type           Power      Damage    Failure   Level
 Sting                    Tmut/Pois      0%         1d3       98%         1
 Summon Small Mammal      Summ           0%         N/A       98%         1
 Poisonous Vapours        Pois/Air       0%         N/A       99%         2
 Call Canine Familiar     Summ           0%         N/A       100%        3
 Portal Projectile        Hex/Tloc       0%         N/A       100%        3
 Summon Guardian Golem    Hex/Summ       0%         N/A       100%        3
 Tukima's Dance           Hex            0%         N/A       100%        3
 Anguish                  Hex/Necr       0%         N/A       100%        4
 Animate Dead             Necr           0%         N/A       100%        4
 Olgreb's Toxic Radiance  Pois           0%         N/A       100%        4
 Blade Hands              Tmut           0%         N/A       100%        5
 Enfeeble                 Hex            0%         N/A       100%        7
 Haunt                    Necr/Summ      0%         N/A       100%        7
 Infestation              Necr           0%         N/A       100%        8


Dungeon Overview and Level Annotations

Branches:
Dungeon (9/15)             Temple (0/1) D:5           Sewer (visited)
   Lair: D:8-11         Orc: D:9-12

Altars:
Cheibriados
Fedhas
Makhleb
Nemelex Xobeh
Okawaru
Ru
Uskayaw
Vehumet
Wu Jian
Zin

Shops:
D:5 :   D:6 :   D:8 *

Annotations:
D:8 !seven-headed hydra, tengu conjurer


Innate Abilities, Weirdness & Mutations

You have a pair of large horns on your head.
You reflexively headbutt those who attack you in melee.
You possess an exceptional clarity of mind.


Message History

The two-headed ogre hits you with a +0 giant club!!
The two-headed ogre hits you with a +0 dire flail!
You closely miss the two-headed ogre. You headbutt the two-headed ogre.
The two-headed ogre is moderately wounded.
You slash the two-headed ogre!
The two-headed ogre is heavily wounded.
The two-headed ogre hits you with a +0 giant club!!
The two-headed ogre hits you with a +0 dire flail.
You barely miss the two-headed ogre.
The two-headed ogre is heavily wounded.
You barely miss the two-headed ogre.
The two-headed ogre is heavily wounded.
The two-headed ogre misses you.
The two-headed ogre hits you but does no damage.
You hit the two-headed ogre.
You feel better.
The two-headed ogre is heavily wounded.
You barely miss the two-headed ogre.
The two-headed ogre is heavily wounded.
The two-headed ogre completely misses you.
The two-headed ogre closely misses you.
You barely miss the two-headed ogre.
Your headbutt misses the two-headed ogre.
The two-headed ogre is heavily wounded.
You closely miss the two-headed ogre.
The two-headed ogre is heavily wounded.
The two-headed ogre hits you with a +0 giant club!
The two-headed ogre barely misses you.
You hit the two-headed ogre.
You feel better.
The two-headed ogre is heavily wounded.
You hit the two-headed ogre.
You feel better.
The two-headed ogre is heavily wounded.
The two-headed ogre hits you with a +0 giant club!
The two-headed ogre hits you with a +0 dire flail!
* * * LOW HITPOINT WARNING * * *
You barely miss the two-headed ogre.
The two-headed ogre is heavily wounded.
The two-headed ogre hits you with a +0 giant club!
* * * LOW HITPOINT WARNING * * *
The two-headed ogre hits you with a +0 dire flail!
You die...

.# .# ##+# .. ##...##
. ##.)...## .#
##.......## #.##
#.........####...###
+.........'.@O.....#
#.........#.##.(.....
#.......##.# #.#....
##.....###.# .# #..
##...## #.# # . ##'##
#.# #.# #.# #.# #..
##.## ###


You could see a two-headed ogre.

Vanquished Creatures
  2 hornets
  A wyvern (D:8)
  5 yaks (D:9)
  2 acid dragons
  3 water moccasins
  An orc warrior (D:8)
  A sky beast (D:6)
  4 black bears
  2 ice beasts
  An ogre (D:5)
  A centaur (D:9)
  2 phantoms
  3 kobold brigands
  4 bullfrogs
  11 wights
  3 killer bees (D:9)
  3 howler monkeys
  2 hounds
  5 orc priests
  5 iguanas
  Natasha (thrice) (D:2)
  12 orc wizards
  Terence (D:2)
  3 gnolls (D:4)
  12 adders
  2 river rats (Sewer)
  A shadow imp (D:6)
  A white imp (D:6)
  An ufetubus (D:6)
  6 worms
  3 dart slugs
  26 orcs
  12 ball pythons
  5 bats
  3 endoplasms
  4 giant cockroaches
  5 goblins
  8 hobgoblins
  28 kobolds
  2 quokkas
  6 frilled lizards
  2 rats
207 creatures vanquished.

Vanquished Creatures (others)
  9 plants
9 creatures vanquished.

Grand Total: 216 creatures vanquished

Notes
Turn   | Place    | Note
-------+----------+-------------------------------------------
     0 | D:1      | nonceun the Minotaur Berserker began the quest for the Orb.
     0 | D:1      | Reached XP level 1. HP: 19/19 MP: 0/0
    42 | D:1      | Reached skill level 4 in Axes
   151 | D:1      | Reached XP level 2. HP: 26/26 MP: 1/1
   365 | D:1      | Found a faded altar of an unknown god.
   555 | D:1      | Reached skill level 5 in Axes
   898 | D:2      | Reached ** piety under Trog
   899 | D:2      | Reached XP level 3. HP: 31/31 MP: 2/2
  1428 | D:2      | Noticed Natasha
  1437 | D:2      | Killed Natasha
  1438 | D:2      | Reached skill level 6 in Axes
  1438 | D:2      | Reached XP level 4. HP: 22/39 MP: 3/3
  1628 | D:2      | Noticed Terence
  1643 | D:2      | Killed Terence
  1815 | D:2      | Noticed Natasha
  1820 | D:2      | Killed Natasha
  1894 | D:2      | Reached XP level 5. HP: 34/45 MP: 4/4
  1905 | D:2      | Noticed Natasha
  1910 | D:2      | Killed Natasha
  1911 | D:2      | Reached skill level 7 in Axes
  2653 | D:3      | Reached *** piety under Trog
  2872 | D:4      | Reached skill level 8 in Axes
  2940 | D:4      | Reached XP level 6. HP: 51/51 MP: 5/5
  3188 | D:4      | Reached skill level 9 in Axes
  3763 | D:5      | Entered Level 5 of the Dungeon
  3763 | D:5      | Noticed an ice beast
  3763 | D:5      | Found Hoywets's Book Emporium.
  3859 | D:5      | Reached XP level 7. HP: 42/57 MP: 6/6
  3862 | D:5      | Reached skill level 10 in Axes
  3947 | D:5      | Reached skill level 11 in Axes
  3953 | D:5      | Reached XP level 8. HP: 38/67 MP: 7/7
  3985 | D:5      | Found a staircase to the Ecumenical Temple.
  4081 | D:5      | Found a glowing drain.
  4094 | Sewer    | Entered a sewer
  4153 | Sewer    | Reached **** piety under Trog
  4210 | Sewer    | Reached skill level 5 in Fighting
  4410 | Sewer    | Gained mutation: You occasionally shout uncontrollably at
                  | your foes. [potion of mutation]
  4411 | Sewer    | Lost mutation: You occasionally shout uncontrollably at
                  | your foes. [potion of mutation]
  4411 | Sewer    | Gained mutation: You possess an exceptional clarity of
                  | mind. [potion of mutation]
  4411 | Sewer    | Gained mutation: You have a pair of large horns on your
                  | head. [potion of mutation]
  4599 | D:5      | Found a burning altar of Makhleb.
  4600 | D:5      | Found a sparkling altar of Nemelex Xobeh.
  4600 | D:5      | Found a radiant altar of Vehumet.
  4601 | D:5      | Found an iron altar of Okawaru.
  4602 | D:5      | Found a sacrificial altar of Ru.
  4602 | D:5      | Found a snail-covered altar of Cheibriados.
  4603 | D:5      | Found a glowing silver altar of Zin.
  4604 | D:5      | Found a blossoming altar of Fedhas.
  4604 | D:5      | Found an ornate altar of the Wu Jian Council.
  4605 | D:5      | Found a hide-covered altar of Uskayaw.
  4993 | D:6      | Reached skill level 12 in Axes
  5595 | D:6      | Found Peelelum's Book Shoppe.
  6006 | D:7      | Reached XP level 9. HP: 81/81 MP: 8/8
  6551 | D:7      | Reached skill level 5 in Armour
  6791 | D:7      | Reached ***** piety under Trog
  7018 | D:8      | Reached skill level 13 in Axes
  7310 | D:8      | Found Boitai's Lightly-Used Armoury.
  7400 | D:8      | Reached skill level 10 in Fighting
  7424 | D:8      | Noticed a manticore
  7428 | D:8      | Noticed a tengu conjurer
  7447 | D:8      | Reached XP level 10. HP: 87/93 MP: 9/9
  7451 | D:8      | Noticed a seven-headed hydra
  7732 | D:9      | Reached skill level 14 in Axes
  7857 | D:9      | Reached skill level 5 in Dodging
  7890 | D:9      | Noticed a two-headed ogre
  7906 | D:9      | Mangled by a two-headed ogre

Illustrated notes

Levels and vault maps discovered:
D:1:      dpeg_arrival_round_b, layout_loops_cross,
          ebering_ecumenical_altar_webs, hex_large, serial_bayou_pond_a,
          minivault_26
D:2:      minmay_chambers_of_ones, layout_basic, serial_aquarium,
          aquarium_bridge_square [aquarium_subvault_bridge,
          aquarium_subvault_window, aquarium_subvault_window,
          aquarium_subvault_wall], aquarium_bridge_square
          [aquarium_subvault_bridge, aquarium_subvault_wall,
          aquarium_subvault_bridge, aquarium_subvault_bridge],
          aquarium_window_fake, aquarium_window_2, aquarium_window_fake,
          aquarium_window_fake, aquarium_view_4, minivault_25,
          minmay_hexomino_f4, uniq_terence, uniq_natasha
D:3:      layout_loops_ring
D:4:      minmay_skewed_foursquare, layout_loops_ring, minmay_fountain_box
D:5:      layout_basic, nicolae_overflows_in_rows, minmay_temple_entry_slanted,
          portal_sewer_entry_d, chequers_serial_rivers_micro_e,
          nicolae_stop_n_shop_1, hangedman_abyss_or_decor_passed
D:6:      layout_rooms, serial_shops, nicolae_shop_trees
D:7:      layout_basic, serial_aquarium, aquarium_bridge_square
          [aquarium_subvault_bridge, aquarium_subvault_wall,
          aquarium_subvault_wall, aquarium_subvault_wall],
          aquarium_bridge_island_small [aquarium_subvault_small_water,
          aquarium_subvault_bridge, aquarium_subvault_bridge,
          aquarium_subvault_balcony, aquarium_subvault_wall], aquarium_window_1,
          aquarium_window_fake, aquarium_view_2c, aquarium_view_2e
D:8:      layout_cave_pools, minmay_shop_damaged, amethyst_killhole,
          nicolae_take_the_stairs, minmay_shattered_shrine, uniq_joseph
D:9:      layout_loops_corners, david_lair_generic, serial_shops,
          nicolae_shop_waterfront

Skill      XL: |  1  2  3  4  5  6  7  8  9 10 |
---------------+-------------------------------+-----
Axes           | 4 5 6 8 9 11 12 13 14 | 14.0
Fighting       | 4 8 10 | 10.9
Armour         | 3 5 |  5.0
Dodging        | 4 5 |  5.0

Action                   |  1- 3 |  4- 6 |  7- 9 | 10-12 || total
-------------------------+-------+-------+-------+-------++-------
Melee: Hand axe          |    65 |    43 |       |       ||   108
       Headbutt          |     9 |    18 |    62 |    13 ||   102
       Punch             |     1 |       |     2 |     1 ||     4
       War axe           |       |   112 |   294 |    59 ||   465
Invok: Trog's Hand       |       |     2 |     7 |     1 ||    10
       Berserk           |       |       |     1 |       ||     1
  Use: Scroll            |       |       |    10 |       ||    10
       Potion            |       |       |     2 |       ||     2
Armor: Animal skin       |     3 |       |       |       ||     3
       Ring mail         |     6 |     2 |       |       ||     8
       Chain mail        |       |    51 |    81 |    13 ||   145
Dodge: Dodged            |    28 |    74 |   153 |    42 ||   297
